Map: Acid Plant LE

Players

fallanon - Winner!

  • Race: Protoss Protoss
  • League: Silver
  • Spawn Location: 11:00

Infamous

  • Race: Protoss Protoss
  • League: Silver
  • Spawn Location: 5:00

VOD

Have the link to the VOD?

Description

Time

  • Played on: March 22, 2018, 11:39 a.m.
  • Length: 3:46
Show
View Real Time Build Order
Export as new Build Order

fallanon Protoss - Winner!

Build Orders:  

Get SALT Encoding   

  12  0:00  Probe  
  13  0:13  Probe  
  14  0:29  Probe  
  15  0:37  Pylon  
  15  0:55  Probe  
  16  0:57  Gateway  
  16  1:01  Gateway  
  16  1:07  Gateway  
  16  1:08  Probe  
  17  1:21  Pylon  
  17  1:42  Pylon  
  17  1:44  Zealot (Chrono Boost)  
  19  1:49  Zealot (Chrono Boost)  
  23  2:01  Zealot (Chrono Boost)  
  23  2:02  Zealot (Chrono Boost)  
  27  2:13  Zealot (Chrono Boost)  
  27  2:22  Zealot (Chrono Boost)  
  29  2:23  Zealot (Chrono Boost)  
  31  2:33  Zealot  
  33  2:46  Zealot  
  33  2:48  Pylon, Zealot  
  37  3:00  Zealot (Chrono Boost)  
  39  3:20  Zealot (Chrono Boost)  
  39  3:22  Zealot (Chrono Boost)  
  39  3:24  Zealot (Chrono Boost)  
Show
View Real Time Build Order
Export as new Build Order

Infamous Protoss 

Build Orders:  

Get SALT Encoding   

  12  0:01  Probe  
  13  0:13  Probe  
  14  0:18  Pylon  
  14  0:25  Probe  
  15  0:37  Gateway  
  15  0:40  Probe  
  16  0:52  Probe  
  16  0:55  Assimilator  
  17  1:04  Probe (Chrono Boost)  
  18  1:14  Probe (Chrono Boost)  
  18  1:17  Pylon  
  19  1:19  Probe (Chrono Boost)  
  19  1:25  Cybernetics Core  
  20  1:34  Probe  
  20  1:37  Assimilator  
  21  1:43  Zealot (Chrono Boost)  
  23  1:55  Probe  
  24  2:07  Probe (Chrono Boost)  
  25  2:17  Robotics Facility  
  25  2:19  Probe (Chrono Boost)  
  26  2:24  Probe (Chrono Boost)  
  27  2:33  Probe  
  27  2:44  Pylon  
  17  3:15  Pylon  
Tags
 
Matchup
PvP
Replay Pack
Last Remnant (2)
Spawn Locations
Cross Positions
Add a new tag
Caveats
  • Supply blocks, unpowered buildings, or Contaminate may cause inaccurate times.
  • Supply counts are checked every 10 seconds.